 Dungeon Crawl Stone Soup version 0.28.0-43-g3370ac3207 (webtiles) character file.

Game seed: 11805588016378530185

9 crimpus the Skirmisher (level 2, 24/24 HPs)
             Began as a Demonspawn Berserker on Mar 15, 2022.
             Was a Follower of Trog.
             Got out of the dungeon alive.
             The game lasted 00:00:37 (608 turns).

crimpus the Skirmisher (Demonspawn Berserker)        Turns: 608, Time: 00:00:37

Health: 24/24      AC:  0    Str: 17    XL:     2   Next: 3%
Magic:  2/2        EV: 12    Int:  8    God:    Trog [*.....]
Gold:   0          SH:  0    Dex: 12    Spells: 1/1 levels left

rFire   . . .      SeeInvis .   a - +0 mace
rCold   . . .      Faith    .   (no shield)
rNeg    . . .      Spirit   .   (no armour)
rPois   .          Reflect  .   (helmet restricted)
rElec   .          Harm     .   (no cloak)
rCorr   .          Rampage  .   (no gloves)
Will    .....                   (no boots)
Stlth   +.........              (no amulet)
HPRegen 0.08/turn               (no ring)
MPRegen 0.08/turn               (no ring)

@: no status effects
A: antennae 1
a: Renounce Religion, Berserk


You escaped.
You worshipped Trog.
Trog was aware of your devotion.
You visited 1 branch of the dungeon, and saw 1 of its levels.

Inventory:

Hand Weapons
 a - a +0 mace (weapon)
Armour
 b - a +0 animal skin
 c - a +0 leather armour
Scrolls
 d - a scroll of summoning {unknown}
 e - a scroll of teleportation {unknown}


   Skills:
 + Level 3.2 Fighting
 + Level 2.9 Maces & Flails
 + Level 1.8 Armour
 + Level 1.8 Dodging
 + Level 0.3 Stealth


You had one spell level left.
You didn't know any spells.
Your spell library was empty.

Dungeon Overview and Level Annotations

Branches:
Dungeon (1/15)

Altars:


Innate Abilities, Weirdness & Mutations

You have a pair of small antennae on your head.


Message History

No target in view!
No target in view!
There is a stone staircase leading down here.
A kobold comes into view. It is wielding a +0 short sword.
A kobold is nearby!
The kobold closely misses you.
You barely miss the kobold. The kobold barely misses you.
You hit the kobold.
The kobold is moderately wounded.
The kobold hits you with a +0 short sword.
You hit the kobold.
You kill the kobold!
Trog accepts your kill.
You have reached level 2!
You feel monstrous as your demonic heritage exerts itself.
Your demonic ancestry asserts itself...
A pair of antennae grows on your head!
Things that are here:
a +0 short sword; a kobold corpse Unknown command.
A ball python comes into view.
The helpless ball python fails to defend itself.
You thump the ball python!
You kill the ball python!
Trog accepts your kill.
No target in view!
No target in view!
No target in view!
No target in view!
No target in view!
No target in view!
No target in view!
No target in view!
No target in view!
No target in view!
You see here a +0 robe.
There is a fountain of clear blue water here.
There is a staircase leading out of the dungeon here.
Are you sure you want to leave the Dungeon?
This will make you lose the game!
You have escaped!

##.# #.# #.# #.#.# #..#####.#
#.####.#.#####
#.###....####.##...#.....#
#.###.#..##......#.#####.#
#.#................## #.#
#.#..##♣♣♣.♣♣♣##....# #.##
#.#..# ♣⌠♣ #....# #...
#.#..♣♣♣♣♣.♣♣♣♣♣....# ####
..#.....⌠.@.⌠.......# # #.#
#..♣♣♣♣♣.♣♣♣♣♣..#.####### #.#
#..# ♣⌠♣ #........... #.#
#..##♣♣♣.♣♣♣##..#.####### #.#
#...............#.# # #.#
##....:......##...# #
#.########.######.#.#####.# #
....#.....#.........#####.###
#
........##.######...........#
#


There were no monsters in sight!

Vanquished Creatures
  A dart slug (D:1)
  A bat (D:1)
  A giant cockroach (D:1)
  A quokka (D:1)
  A ball python (D:1)
  A kobold (D:1)
  A rat (D:1)
7 creatures vanquished.

Notes
Turn   | Place    | Note
-------+----------+-------------------------------------------
     0 | D:1      | crimpus the Demonspawn Berserker began the quest for the
                  | Orb.
     0 | D:1      | Reached XP level 1. HP: 18/18 MP: 1/1
   475 | D:1      | Discovered your monstrous ancestry.
   475 | D:1      | Gained mutation: You have a pair of small antennae on your
                  | head. [demonic ancestry]
   475 | D:1      | Reached XP level 2. HP: 18/24 MP: 2/2
   608 | D:$      | Got out of the dungeon alive.

Illustrated notes

Levels and vault maps discovered:
D:1:      scummos_arrival_forest, layout_loops_ring,
          ebering_ecumenical_altar_abandoned, corner_web_ring,
          minmay_box_of_dots

Action                   || total
-------------------------++-------
Melee: Mace              ||    16
 Stab: Sleeping          ||     1
Armor: Animal skin       ||     2
Dodge: Dodged            ||    18
